 Dungeon Crawl Stone Soup version 0.31-a0-854-g362426d53f (webtiles) character file.

Game seed: 10019449242532820125

9 Kurtz the Sneak (level 2, 28/28 HPs)
             Began as a Naga Delver on Oct 8, 2023.
             Quit the game on level 4 of the Dungeon.
             The game lasted 00:00:24 (312 turns).

Kurtz the Sneak (Naga Delver)                        Turns: 312, Time: 00:00:25

Health: 28/28      AC:  2    Str: 14    XL:     2   Next: 16%
Magic:  2/2        EV:  9    Int: 10    God:
Gold:   16         SH:  0    Dex: 12    Spells: 1/1 levels left

rFire   . . .        a - +0 hand axe
rCold   . . .        (no shield)
rNeg    . . .        b - +0 leather armour
rPois   +            (no helmet)
rElec   .            (no cloak)
rCorr   .            (no gloves)
SInv    +            (no barding)
Will    .....        (no amulet)
Stlth   +++          (no ring)
HPRegen 0.24/turn    (no ring)
MPRegen 0.08/turn

%: no passive effects
@: very slow
A: AC +0, large, see invisible, deformed body, poison resistance, slowness 2,
spit poison 1, naga tail 1
a: Spit Poison


You were on level 4 of the Dungeon.
You visited 1 branch of the dungeon, and saw 2 of its levels.

You collected 16 gold pieces.

Inventory:

Hand Weapons
 a - a +0 hand axe (weapon)
Armour
 b - a +0 leather armour (worn)
Wands
 g - a wand of digging (3)
Scrolls
 c - a scroll of fog
 d - a scroll of revelation
 e - a scroll of fear
Potions
 f - a potion of haste


   Skills:
 - Level 3.0 Fighting
 * Level 2.8 Axes
 - Level 1.5 Dodging
 - Level 7.2 Stealth


You had one spell level left.
You didn't know any spells.
Your spell library was empty.

Dungeon Overview and Level Annotations

Branches:
Dungeon (5/15)
 Temple: D:4-7

Altars:


Innate Abilities, Weirdness & Mutations

Your serpentine skin is tough. (AC +0)
You have supernaturally acute eyesight. (SInv)
Armour fits poorly on your strangely shaped body.
Your system is resistant to poisons. (rPois)
You cover ground very slowly.
You can spit poison.
You have a snake-like lower body.


Message History

You are too injured to fight recklessly!
You miss the adder.
The adder is moderately wounded.
The adder barely misses you. The adder bites you.
* * * LOW HITPOINT WARNING * * *
You hit the adder.
The adder is severely wounded.
The adder closely misses you.
You miss the adder. You punch the adder, but do no damage.
The adder is severely wounded.
The adder bites you.
* * * LOW HITPOINT WARNING * * *
The adder closely misses you.
Unknown command.
Unknown command.
Unknown command.
Okay, then.
Aiming: Spit Poison (3% risk of failure)
Press: ? - help, Q - select action Shift-Dir - straight line, f - adder
Aim: an adder (severely wounded, 31% to hit)
The splash of poison misses the adder.
The adder barely misses you.
You hit the adder.
You kill the adder!
You have reached level 2!
You start resting.
You have got your breath back.
You start resting.
HP restored.
You start waiting.
Done waiting.
Found a stone staircase leading up.
There is a stone staircase leading up here.
You climb upwards.
You hear the hiss of flowing sand.
There is an entrance to an ossuary on this level.
Hurry and find it before the portal is buried!
Found a robe and a scroll labelled EMOXAMAOTT.
Found a stone staircase leading down.
There is a stone staircase leading down here.
Are you sure you want to abandon this character and quit the game? (Confirm with "yes".)

## #>. ##...##
#
......[###..#.#
..^....@.......
........##.....
#....#..# ...
#... .... . #..
S###S ## w. .S
.# .# #. .#


You could see 3 adders and a dart slug (asleep).

Vanquished Creatures
  An adder (D:5)
1 creature vanquished.

Notes
Turn   | Place    | Note
-------+----------+-------------------------------------------
     0 | D:5      | Kurtz the Naga Delver began the quest for the Orb.
     0 | D:5      | Reached XP level 1. HP: 21/21 MP: 1/1
    27 | D:5      | Noticed an ogre
    57 | D:5      | Noticed a scorpion
    57 | D:5      | Noticed an iguana
    95 | D:5      | HP: 1/21 [adder (2)]
    98 | D:5      | Reached XP level 2. HP: 2/28 MP: 2/2
   312 | D:4      | Quit the game

Illustrated notes

Levels and vault maps discovered:
D:4:      layout_loops_ring, gup_ossuary_entry_pyramid, minmay_surrounded,
          uniq_eustachio, uniq_duvessa
D:5:      corexii_shack_village, layout_basic

Action                     || total
---------------------------++-------
  Melee: Hand axe          ||    10
         Punch             ||     1
Ability: Spit Poison       ||     1
 Armour: Leather armour    ||     9
  Dodge: Dodged            ||     6

Table legend: (Time is in decaauts)
 A = Elapsed time spent in this place.
 B = Non-inter-level travel time spent in this place.
 C = Inter-level travel time spent in this place.
 D = Time resting spent in this place.
 E = Time spent auto-exploring this place.
 F = Levels seen in this place.
 G = Mean time per level.
                   A        B        C        D        E       F      G
               +--------+--------+--------+--------+--------+-----+--------+
         Total |    351 |    351 |      0 |    203 |     33 |   2 |  175.5 |
       Dungeon |    351 |    351 |      0 |    203 |     33 |   2 |  175.5 |
               +--------+--------+--------+--------+--------+-----+--------+

Top non-repeatable levels by time:
     D:5: 351 daAuts
     D:4: 0 daAuts
